Map: Eternal Empire LE

Players

RetZard

  • Race: Protoss Protoss
  • League: Master
  • Spawn Location: 1:00

Tassad - Winner!

  • Race: Protoss Protoss
  • League: Master
  • Spawn Location: 7:00

VOD

Have the link to the VOD?

Description

Time

  • Played on: July 4, 2020, 10:01 a.m.
  • Length: 9:47
Show
View Real Time Build Order
Export as new Build Order

RetZard Protoss 

Build Orders: Chargelot Immortal 

Get SALT Encoding   

  12  0:03  Probe  
  13  0:15  Probe  
  13  0:17  Pylon  
  14  0:23  Probe  
  15  0:31  Probe  
  15  0:38  Gateway  
  15  0:41  Probe  
  16  0:48  Assimilator  
  17  0:53  Probe  
  17  0:56  Assimilator  
  18  1:01  Probe  
  18  1:09  Probe, Gateway  
  20  1:20  Probe  
  21  1:25  Cybernetics Core  
  21  1:32  Probe  
  22  1:35  Pylon  
  22  1:44  Probe  
  23  1:57  Probe  
  24  2:02  Robotics Facility  
  24  2:04  Adept  
  24  2:06  Adept  
  28  2:14  Warp Gate  
  28  2:15  Probe  
  29  2:25  Pylon  
  29  2:34  Pylon  
  29  2:40  Stalker  
  29  2:42  Stalker  
  29  2:43  Probe  
  34  2:48  Immortal  
  38  3:00  Probe  
  39  3:10  Pylon  
  37  3:34  Immortal, Nexus  
  41  3:50  Probe  
  42  4:02  Probe  
  43  4:03  Immortal  
  47  4:17  Pylon  
  47  4:25  Pylon  
  47  4:35  Probe  
  47  4:36  Sentry  
  47  4:37  Sentry  
  52  4:42  Probe  
  52  4:43  Observer  
  53  4:48  Probe  
  53  4:50  Probe  
  55  4:53  Twilight Council  
  56  5:00  Probe x2  
  56  5:02  Immortal  
  62  5:12  Probe x2  
  64  5:17  Zealot  
  66  5:24  Probe  
  67  5:31  Stalker  
  69  5:35  Immortal  
  69  5:40  Pylon  
  73  5:43  Assimilator  
  73  5:49  Charge  
  73  5:51  Probe x2  
  74  5:57  Pylon  
  74  5:59  Zealot  
  74  6:00  Zealot  
  74  6:03  Probe  
  79  6:06  Protoss Ground Weapons Level 1  
  79  6:11  Forge  
  79  6:15  Observer, Gateway  
  79  6:17  Gateway  
  80  6:20  Pylon  
  80  6:29  Zealot  
  80  6:30  Zealot  
  84  6:33  Gateway  
  84  6:36  Gateway  
  84  6:45  Warp Prism  
  86  6:54  Zealot x2  
  86  6:59  Gateway  
  90  7:17  Zealot x4  
  98  7:29  Gateway  
  98  7:31  Gateway  
  98  7:33  Assimilator  
  98  7:42  Zealot x2  
  102  7:47  Pylon  
  102  7:49  Pylon  
  102  7:51  Pylon  
  74  8:06  Zealot x7  
  88  8:28  Zealot x4  
  92  8:47  Zealot x4  
  100  8:51  Dark Shrine  
  58  9:10  Zealot  
  58  9:11  Zealot x3  
  51  9:37  Zealot x4  
  51  9:38  Zealot x4  
Show
View Real Time Build Order
Export as new Build Order

Tassad Protoss - Winner!

Build Orders: Colossus Rush 

Get SALT Encoding   

  12  0:00  Probe  
  13  0:13  Probe  
  14  0:20  Pylon  
  14  0:25  Probe  
  15  0:37  Probe  
  15  0:40  Gateway  
  16  0:45  Probe  
  16  0:49  Assimilator  
  17  0:53  Probe  
  17  0:55  Assimilator  
  17  1:04  Probe  
  19  1:12  Probe  
  19  1:13  Gateway  
  20  1:20  Probe  
  21  1:27  Cybernetics Core  
  21  1:31  Probe  
  22  1:37  Pylon  
  22  1:43  Probe  
  23  1:55  Probe  
  23  1:56  Pylon  
  23  1:58  Warp Gate  
  24  2:04  Stalker  
  24  2:05  Stalker  
  28  2:31  Pylon  
  28  2:33  Stalker  
  28  2:35  Stalker  
  32  2:49  Robotics Facility  
  32  3:03  Stalker  
  32  3:05  Stalker  
  36  3:06  Shield Battery  
  36  3:21  Probe  
  35  3:29  Probe  
  36  3:38  Nexus  
  35  3:51  Observer  
  36  3:56  Robotics Bay  
  36  3:58  Pylon  
  36  4:01  Sentry  
  38  4:13  Probe  
  39  4:21  Probe  
  39  4:24  Immortal  
  43  4:29  Probe  
  44  4:38  Pylon  
  45  4:51  Probe x2  
  47  5:01  Probe  
  47  5:03  Probe  
  47  5:04  Colossus  
  55  5:09  Probe  
  56  5:15  Probe  
  56  5:17  Probe  
  58  5:26  Extended Thermal Lance  
  58  5:27  Probe  
  59  5:29  Probe  
  59  5:32  Assimilator  
  60  5:35  Assimilator  
  60  5:37  Pylon  
  60  5:39  Probe  
  61  5:42  Probe  
  62  5:50  Probe  
  62  5:51  Probe  
  62  5:53  Colossus  
  64  6:00  Probe x2  
  72  6:09  Probe  
  72  6:12  Gateway  
  72  6:15  Gateway  
  72  6:18  Probe  
  73  6:19  Gateway  
  74  6:26  Gateway  
  74  6:30  Gateway  
  74  6:33  Pylon  
  74  6:35  Warp Prism  
  74  6:50  Gateway  
  74  6:51  Adept  
  74  6:52  Adept  
  80  7:01  Observer  
  80  7:10  Pylon  
  80  7:12  Pylon  
  80  7:14  Sentry x2  
  80  7:15  Sentry  
  86  7:16  Pylon  
  86  7:18  Pylon  
  86  7:20  Pylon  
  86  7:30  Adept x4  
  94  7:43  Adept x2  
  94  7:44  Adept  
  100  7:47  Sentry  
  102  7:51  Adept  
  102  7:52  Adept  
  96  8:08  Adept x4  
  96  8:09  Adept x2  
  104  8:39  Adept x2  
  104  8:47  Adept  
  104  8:48  Adept x3  
  112  8:49  Adept x2  
  116  8:56  Pylon  
  116  8:59  Pylon  
  116  9:01  Pylon  
  102  9:08  Adept x2  
  102  9:09  Adept x3  
  90  9:20  Sentry x3  
  86  9:38  Adept x4  
  86  9:39  Adept  
Tags
 
Add a new tag
Caveats
  • Supply blocks, unpowered buildings, or Contaminate may cause inaccurate times.
  • Supply counts are checked every 10 seconds.